 Dungeon Crawl Stone Soup version 0.21-a0-221-gfe971b9 (webtiles) character file.

47 Gorglomux the Skirmisher (level 3, 0/33 HPs)
             Began as a Hill Orc Earth Elementalist on Aug 26, 2017.
             Succumbed to an adder's poison
             ... on level 2 of the Dungeon.
             The game lasted 00:02:11 (1209 turns).

Gorglomux the Skirmisher (HOEE)                     Turns: 1209, Time: 00:02:11

Health: 0/33       AC:  6    Str: 11    XL:     3   Next: 70%
Magic:  0/5        EV:  9    Int: 15    God:
Gold:   36         SH:  0    Dex: 11    Spells: 4/5 levels left

rFire    . . .     SeeInvis .   k - +0 short sword
rCold    . . .     Gourm    .   (no shield)
rNeg     . . .     Faith    .   o - +0 scale mail (curse)
rPois    .         Spirit   .   (no helmet)
rElec    .         Reflect  .   (no cloak)
rCorr    .         Harm     .   (no gloves)
MR       .....                  (no boots)
Stlth    ..........             (no amulet)
HPRegen  0.11/turn              (no ring)
MPRegen  0.09/turn              (no ring)

@: lethally poisoned (0 -> -10), very slightly contaminated
A: no striking features
a: no special abilities


You were on level 2 of the Dungeon.
You were hungry.

You visited 1 branch of the dungeon, and saw 2 of its levels.

You collected 36 gold pieces.

Inventory:

Hand Weapons
 k - a +0 short sword (weapon)
Missiles
 b - 131 stones (quivered)
Armour
 c - a +0 robe
 o - a cursed +0 scale mail (worn)
Scrolls
 g - 2 scrolls of teleportation {unknown}
 i - a scroll of fear {unknown}
 l - a scroll of blinking {unknown}
 m - a scroll of amnesia {unknown}
 n - a scroll of fog {unknown}
Books
 e - a book of Geomancy

   Spells                             Type                      Level
   a - Sandblast                      Earth                        1
   b - Passwall                       Transmutation/Earth          2
   c - Stone Arrow                    Conjuration/Earth            3
   d - Petrify                        Transmutation/Earth          4
   e - Lee's Rapid Deconstruction     Earth                        5
Comestibles
 d - 2 bread rations


   Skills:
 + Level 3.6 Fighting
 + Level 0.7 Armour
 - Level 1.5 Dodging
 - Level 1.5 Stealth
 - Level 1.5 Spellcasting
   Level 0.6 Transmutations
 - Level 3.0 Earth Magic


You had 4 spell levels left.
You knew the following spells:

 Your Spells              Type           Power        Failure   Level  Hunger
a - Sandblast             Erth           ##....       38%         1    ##.....


Dungeon Overview and Level Annotations

Branches:
Dungeon (2/15)

Altars:


Message History

You feel sick! The adder bites you! * * * don't die
* * * You are more poisoned!
The adder poisons you!!! The adder closely misses you!
Casting: Sandblast
Confirm with ! or Enter, or press ? or * to list all spells!
Aiming: Sandblast
Press: ? - help, Butt-Dir - straight line, f/p - butt
Aim: an adder (severely wounded)
The blast of sand hits the adder!
The adder is severely wounded!
b - 131 stones You are feeling hungry! * * * don't die
* * * You feel sick!
The adder closely misses you!
Unknown command!
Unknown command!
You barely butts the adder!
The adder is severely wounded! rip

....[...... .# .. ......
..# . #.. K##.#
######.####...#
............#### ######
##..........###.....#
##....#..............#
###...#########.##.....#
....### #.)@S.....#
###.# #.###.....# #.#
... ......# ##.# ###.
#####.# ##..## .. .
.....# .. ..#### ### [.#
###


You could see an adder.

Vanquished Creatures
  2 adders (D:2)
  A dart slug (D:1)
  A leopard gecko (D:1)
  5 bats
  5 goblins
  4 hobgoblins (D:1)
  A quokka (D:2)
  A ball python (D:2)
  A frilled lizard (D:1)
  3 kobolds
24 creatures vanquished.

Notes
Turn   | Place    | Note
-------+----------+-------------------------------------------
     0 | D:1      | Gorglomux the Hill Orc Earth Elementalist began the quest for the Orb.
     0 | D:1      | Reached XP level 1. HP: 14/14 MP: 3/3
    50 | D:1      | Reached skill level 1 in Fighting
   210 | D:1      | Reached XP level 2. HP: 24/24 MP: 1/4
   477 | D:1      | You fall through a shaft!
   831 | D:1      | Reached skill level 3 in Fighting
   866 | D:2      | Reached XP level 3. HP: 16/31 MP: 5/5
  1207 | D:2      | HP: 1/33 [adder (1)]
  1209 | D:2      | Succumbed to an adder's poison

Vault maps used:
D:1:      eino_arrival_water_star
D:2:      uniq_crazy_yiuf_cottage

Skill      XL: |  1  2 |
---------------+-------+-----
Fighting       | 2 3 |  3.6
Armour         | |  0.7
Dodging        | |  1.5
Stealth        | |  1.5
Spellcasting   | |  1.5
Transmutations | |  0.6
Earth Magic    | |  3.0

Action                   || total
-------------------------++-------
Melee: Dagger            ||    18
       Unarmed           ||     5
       Short sword       ||    60
 Cast: Sandblast         ||    15
  Use: Potion            ||     1
 Stab: Sleeping          ||     2
  Eat: Chunk             ||     1
Armor: Robe              ||    15
       Scale mail        ||    16
Dodge: Dodged            ||    81

Table legend:
 A = Spawn XP
 B = Non-spawn XP
 C = Spawn XP percentage of total XP
 D = Spawn monster count
 E = Non-spawn monster count
 F = Spawn count percentage of total count
 G = Total turns spent on level
                    A         B        C        D         E        F      G
               +---------+---------+-------+---------+---------+-------+---------
         Total |       6 |      62 |   8.8 |       3 |      21 |  12.5 |  1209
               +---------+---------+-------+---------+---------+-------+---------
           D:1 |       6 |      27 |  18.2 |       3 |      14 |  17.6 |   815
           D:2 |       0 |      35 |   0.0 |       0 |       7 |   0.0 |   394
               +---------+---------+-------+---------+---------+-------+---------
